 Dungeon Crawl Stone Soup version 0.26-a0-812-g31a745ddcd (webtiles) character file.

Game seed: 16362079823713509066

7672 vurker the Covert (level 11, -3/83 HPs)
             Began as a Gnoll Enchanter on Dec 7, 2020.
             Was a High Priest of Cheibriados.
             Slain by an eight-headed hydra (4 damage)
             ... on level 11 of the Dungeon.
             The game lasted 00:18:36 (11514 turns).

vurker the Covert (Gnoll Enchanter)                Turns: 11514, Time: 00:18:37

Health: -3/83      AC: 11    Str: 29    XL:     11   Next: 18%
Magic:  18/23      EV: 18    Int: 34    God:    Cheibriados [*****.]
Gold:   728        SH: 18    Dex: 29    Spells: 26/26 levels left

rFire    + . .     SeeInvis .   a - +2 flail (protect)
rCold    . . .     Faith    .   o - +0 kite shield
rNeg     . . .     Spirit   .   z - +1 ring mail {rF+}
rPois    .         Reflect  +   (no helmet)
rElec    .         Harm     .   (no cloak)
rCorr    .         Rampage  .   f - +0 pair of gloves
MR       +....                  e - +1 pair of boots
Stlth    ++++......             y - amulet of reflection
HPRegen  0.23/turn              n - +6 ring of strength
MPRegen  0.18/turn              w - ring of protection from magic

@: very slow
A: distributed training, fangs 1, strong nose
a: Bend Time, Temporal Distortion, Slouch, Step From Time, Renounce Religion


You were on level 11 of the Dungeon.
You worshipped Cheibriados.
Cheibriados was extremely pleased with you.
You visited 2 branches of the dungeon, and saw 12 of its levels.

You collected 728 gold pieces.

Inventory:

Hand Weapons
 a - a +2 flail of protection (weapon)
   (You took it off an orc on level 9 of the Dungeon)
 b - a +1 vorpal hand crossbow
   (You found it on level 5 of the Dungeon)
Missiles
 s - 26 bolts
Armour
 e - a +1 pair of boots (worn)
   (You found it on level 1 of the Dungeon)
 f - a +0 pair of gloves (worn)
   (You found it on level 1 of the Dungeon)
 o - a +0 kite shield (worn)
   (You found it on level 2 of the Dungeon)
 q - a +0 chain mail
   (You took it off an orc warrior on level 6 of the Dungeon)
 z - a +1 ring mail of fire resistance (worn)
   (You took it off Joseph on level 7 of the Dungeon)
Jewellery
 d - an uncursed amulet of guardian spirit
   (You found it on level 6 of the Dungeon)
 n - a +6 ring of strength (left hand)
   (You found it on level 5 of the Dungeon)
 w - a ring of protection from magic (right hand)
   (You found it on level 6 of the Dungeon)
 y - an amulet of reflection (around neck)
   (You found it on level 10 of the Dungeon)
Wands
 t - a wand of flame (19)
   (You found it on level 2 of the Dungeon)
 u - a wand of paralysis (7)
   (You found it on level 7 of the Dungeon)
 x - a wand of acid (9)
   (You found it on level 3 of the Dungeon)
 A - a wand of polymorph (6)
   (You found it on level 10 of the Dungeon)
Scrolls
 c - 3 scrolls of blinking
 i - 12 scrolls of remove curse
 p - 3 scrolls of teleportation
 v - a scroll of identify
Potions
 g - a potion of might
 h - 2 potions of heal wounds
 j - a potion of cancellation
 k - 3 potions of lignification
 l - 5 potions of curing
 m - a potion of mutation
 r - 2 potions of attraction
 B - a potion of ambrosia
 C - a potion of flight
Miscellaneous
 D - a tin of tremorstones (2/2)
   (You found it on level 10 of the Dungeon)


   Skills:
 + Level 6.5 Fighting
 + Level 7.1 Short Blades
 + Level 6.5 Long Blades
 + Level 6.5 Axes
 + Level 6.5 Maces & Flails
 + Level 6.5 Polearms
 + Level 6.5 Staves
 + Level 6.5 Slings
 + Level 6.5 Bows
 + Level 6.5 Crossbows
 + Level 6.5 Throwing
 + Level 6.5 Armour
 + Level 8.1 Dodging
 + Level 9.0 Stealth
 + Level 6.5 Shields
 + Level 6.5 Unarmed Combat
 + Level 8.3 Spellcasting
 + Level 5.4 Conjurations
 + Level 7.8 Hexes
 + Level 5.4 Summonings
 + Level 5.4 Necromancy
 + Level 5.4 Translocations
 + Level 5.4 Transmutations
 + Level 5.4 Fire Magic
 + Level 5.4 Ice Magic
 + Level 5.4 Air Magic
 + Level 5.4 Earth Magic
 + Level 5.4 Poison Magic
 + Level 7.2 Invocations
 + Level 6.5 Evocations


You had 26 spell levels left.
You didn't know any spells.
Your spell library contained the following spells:

 Spells                   Type           Power        Failure   Level
 Corona                   Hex            ######.      1%          1
 Magic Dart               Conj           ####         1%          1
 Ensorcelled Hibernation  Hex/Ice        ######       1%          2
 Searing Ray              Conj           ######       1%          2
 Confusing Touch          Hex            ######..     1%          3
 Tukima's Dance           Hex            ######..     1%          3
 Dazzling Flash           Conj/Hex       ######       2%          3
 Fulminant Prism          Conj/Hex       ######....   9%          4
 Iskenderun's Mystic Bla  Conj/Tloc      ######..     14%         4


Dungeon Overview and Level Annotations

Branches:
Dungeon (11/15)            Temple (1/1) D:5            Lair (0/6) D:9
    Orc (0/2) D:9

Altars:
Cheibriados
Dithmenos
Elyvilon
Fedhas
Gozag
Kikubaaqudgha
Makhleb
Okawaru
Qazlal
Ru
Sif Muna
Trog
Vehumet
Wu Jian
Xom
Yredelemnul
Zin
The Shining One
Beogh

Shops:
D:4 =   D:8 [   D:10 (

Annotations:
D:7 2 transporters, MoonlitKnight's ghost, novice MiBe
D:10 2 runed translucent doors, exclusion: orange crystal statue


Innate Abilities, Weirdness & Mutations

Your experience applies equally to all skills.
You have very sharp teeth.
Your uncanny sense of smell can sniff out nearby items.


Message History

You kill the killer bee!
Cheibriados thoroughly appreciates the change of pace.
Aim: an eight-headed hydra (lightly wounded)
The bolt of acid hits the eight-headed hydra!
The eight-headed hydra is splashed with acid.
The acid corrodes the eight-headed hydra!
The eight-headed hydra bites you.
You block the eight-headed hydra's attack. x3
The eight-headed hydra bites you!
The eight-headed hydra bites you but does no damage.
The eight-headed hydra misses you. The eight-headed hydra bites you.
Your +2 flail of protection hums with potential!
a - a +2 flail of protection (weapon)
You block the eight-headed hydra's attack.
The eight-headed hydra misses you.
The eight-headed hydra bites you but does no damage.
You block the eight-headed hydra's attack.
The eight-headed hydra bites you!
You block the eight-headed hydra's attack.
The eight-headed hydra bites you.
You block the eight-headed hydra's attack.
You sock the eight-headed hydra!
Your weapon exudes an aura of protection.
You bite the eight-headed hydra, but do no damage.
You block the eight-headed hydra's attack.
The eight-headed hydra closely misses you.
You block the eight-headed hydra's attack. x2
The eight-headed hydra bites you!
* * * LOW HITPOINT WARNING * * *
You block the eight-headed hydra's attack.
The eight-headed hydra closely misses you. x2
You can feel time thicken for a moment.
You block the eight-headed hydra's attack. x2
The eight-headed hydra closely misses you.
The eight-headed hydra bites you but does no damage.
The eight-headed hydra bites you!
* * * LOW HITPOINT WARNING * * *
The eight-headed hydra misses you. The eight-headed hydra bites you.
* * * LOW HITPOINT WARNING * * *
The eight-headed hydra bites you.
* * * LOW HITPOINT WARNING * * *
You fail to use your ability.
The eight-headed hydra bites you but does no damage.
The eight-headed hydra bites you!
* * * LOW HITPOINT WARNING * * *
You block the eight-headed hydra's attack. x2
The eight-headed hydra bites you.
* * * LOW HITPOINT WARNING * * *
The eight-headed hydra bites you.
You die...

∆######..<... ##..
........###. .#...
...###..# #. ...(#
#..###. ?..#
#.###.....# ..#
#......#### .#. #.#
#.###.## #
.....###.#####.###.##
#
......D@.......##...##
#
?(...####.....##.....#
# ... #............# #
# #.....##.....# #
##...####...## # #####
#####


You could see an eight-headed hydra (corroded).

Vanquished Creatures
  A two-headed ogre (D:11)
  Joseph (D:7)
  A troll (D:9)
  2 wargs (D:9)
  Menkaure (D:6)
  4 orc warriors
  A hornet zombie (D:10)
  An ice beast (D:7)
  4 sky beasts
  A black bear (D:8)
  3 phantoms (D:9)
  5 ogres
  5 centaurs
  A big kobold (D:8)
  4 bullfrogs
  A wyvern skeleton (D:8)
  3 scorpions
  2 troll zombies (D:9)
  3 killer bees (D:11)
  9 wights
  5 howler monkeys
  An electric eel (D:11)
  A bullfrog zombie (D:7)
  A centaur zombie (D:5)
  4 centaur skeletons
  8 hounds
  A jelly (D:6)
  14 orc priests
  3 iguanas
  10 orc wizards
  6 worker ants
  4 ogre zombies (D:9)
  A hound skeleton (D:11)
  A worker ant zombie (D:10)
  9 adders
  3 shadow imps
  4 white imps
  An ufetubus (D:5)
  An adder zombie (D:7)
  2 adder skeletons
  A worm (D:3)
  A dart slug (D:1)
  4 leopard geckos
  55 orcs
  8 bats
  8 giant cockroaches
  6 goblins
  16 hobgoblins
  2 jackals (D:9)
  4 quokkas
  8 frilled lizards
  A goblin skeleton (D:9)
  4 goblin zombies (D:9)
  A hobgoblin zombie (D:9)
  17 kobolds
  A leopard gecko skeleton (D:7)
  2 orc skeletons (D:9)
  10 orc zombies (D:9)
  13 rats
295 creatures vanquished.

Vanquished Creatures (others)
  4 plants (D:3)
4 creatures vanquished.

Grand Total: 299 creatures vanquished

Notes
Turn   | Place    | Note
-------+----------+-------------------------------------------
     0 | D:1      | vurker the Gnoll Enchanter began the quest for the Orb.
     0 | D:1      | Reached XP level 1. HP: 13/13 MP: 6/6
   136 | D:1      | Reached XP level 2. HP: 3/19 MP: 7/7
   773 | D:1      | You fall into a shaft and drop 1 floor!
   780 | D:2      | Reached XP level 3. HP: 25/25 MP: 9/9
   833 | D:1      | Reached skill level 5 in Spellcasting
  1267 | D:2      | Reached skill level 6 in Stealth
  1485 | D:2      | Reached skill level 1 in Invocations
  1690 | D:2      | Reached skill level 1 in Fighting
  1690 | D:2      | Reached skill level 1 in Long Blades
  1690 | D:2      | Reached skill level 1 in Axes
  1690 | D:2      | Reached skill level 1 in Maces & Flails
  1690 | D:2      | Reached skill level 1 in Polearms
  1690 | D:2      | Reached skill level 1 in Staves
  1690 | D:2      | Reached skill level 1 in Slings
  1690 | D:2      | Reached skill level 1 in Bows
  1690 | D:2      | Reached skill level 1 in Crossbows
  1690 | D:2      | Reached skill level 1 in Throwing
  1690 | D:2      | Reached skill level 1 in Armour
  1690 | D:2      | Reached skill level 1 in Shields
  1690 | D:2      | Reached skill level 1 in Unarmed Combat
  1690 | D:2      | Reached skill level 1 in Evocations
  2032 | D:2      | Reached XP level 4. HP: 32/32 MP: 11/11
  2254 | D:2      | Found a glowing golden altar of the Shining One.
  2778 | D:3      | Reached skill level 1 in Conjurations
  2778 | D:3      | Reached skill level 1 in Summonings
  2778 | D:3      | Reached skill level 1 in Necromancy
  2778 | D:3      | Reached skill level 1 in Translocations
  2778 | D:3      | Reached skill level 1 in Transmutations
  2778 | D:3      | Reached skill level 1 in Fire Magic
  2778 | D:3      | Reached skill level 1 in Ice Magic
  2778 | D:3      | Reached skill level 1 in Air Magic
  2778 | D:3      | Reached skill level 1 in Earth Magic
  2778 | D:3      | Reached skill level 1 in Poison Magic
  2790 | D:3      | Reached XP level 5. HP: 24/37 MP: 12/12
  2934 | D:3      | Found an ancient bone altar of Kikubaaqudgha.
  3182 | D:3      | Found a bloodstained altar of Trog.
  3886 | D:4      | Noticed an ogre
  3888 | D:4      | Found Bukeed's Jewellery Boutique.
  3890 | D:4      | Killed an ogre
  3890 | D:4      | Reached XP level 6. HP: 44/44 MP: 14/14
  3915 | D:4      | Reached skill level 5 in Dodging
  4530 | D:4      | Found a basalt altar of Yredelemnul.
  4767 | D:5      | Entered Level 5 of the Dungeon
  4808 | D:5      | Reached XP level 7. HP: 21/50 MP: 15/15
  5451 | D:5      | Found a staircase to the Ecumenical Temple.
  5460 | Temple   | Entered the Ecumenical Temple
  5515 | Temple   | Became a worshipper of Cheibriados the Contemplative
  5974 | D:5      | Found an ornate altar of the Wu Jian Council.
  6434 | D:6      | Reached XP level 8. HP: 53/57 MP: 16/16
  6534 | D:6      | Reached skill level 5 in Fighting
  6534 | D:6      | Reached skill level 5 in Long Blades
  6534 | D:6      | Reached skill level 5 in Axes
  6534 | D:6      | Reached skill level 5 in Maces & Flails
  6534 | D:6      | Reached skill level 5 in Polearms
  6534 | D:6      | Reached skill level 5 in Staves
  6534 | D:6      | Reached skill level 5 in Slings
  6534 | D:6      | Reached skill level 5 in Bows
  6534 | D:6      | Reached skill level 5 in Crossbows
  6534 | D:6      | Reached skill level 5 in Throwing
  6534 | D:6      | Reached skill level 5 in Armour
  6534 | D:6      | Reached skill level 8 in Stealth
  6534 | D:6      | Reached skill level 5 in Shields
  6534 | D:6      | Reached skill level 5 in Unarmed Combat
  6534 | D:6      | Reached skill level 5 in Evocations
  6534 | D:6      | Reached XP level 9. HP: 68/68 MP: 16/20
  6641 | D:6      | Reached * piety under Cheibriados
  6688 | D:6      | Noticed Menkaure
  6691 | D:6      | Killed Menkaure
  6777 | D:6      | HP: 3/68 [orc priest/nerve-wracking pain (6)]
  7525 | D:7      | Noticed a moth of wrath
  7535 | D:7      | Found a transporter.
  7655 | D:7      | Reached ** piety under Cheibriados
  8000 | D:7      | Noticed MoonlitKnight's ghost (novice MiBe)
  8018 | D:7      | Found a transporter.
  8314 | D:7      | Noticed Joseph
  8327 | D:7      | Killed Joseph
  8327 | D:7      | Reached XP level 10. HP: 73/76 MP: 21/21
  8828 | D:8      | Found a stormy altar of Qazlal.
  8888 | D:8      | Reached *** piety under Cheibriados
  9019 | D:8      | Reached skill level 5 in Conjurations
  9019 | D:8      | Reached skill level 5 in Summonings
  9019 | D:8      | Reached skill level 5 in Necromancy
  9019 | D:8      | Reached skill level 5 in Translocations
  9019 | D:8      | Reached skill level 5 in Transmutations
  9019 | D:8      | Reached skill level 5 in Fire Magic
  9019 | D:8      | Reached skill level 5 in Ice Magic
  9019 | D:8      | Reached skill level 5 in Air Magic
  9019 | D:8      | Reached skill level 5 in Earth Magic
  9019 | D:8      | Reached skill level 5 in Poison Magic
  9549 | D:8      | Found Kyig's Antique Armour Shoppe.
  9676 | D:9      | Reached **** piety under Cheibriados
  9796 | D:9      | Found a staircase to the Orcish Mines.
  9974 | D:9      | Reached ***** piety under Cheibriados
 10010 | D:9      | Found a roughly hewn altar of Beogh.
 10093 | D:9      | Found a staircase to the Lair.
 10756 | D:10     | Entered Level 10 of the Dungeon
 10764 | D:10     | Reached XP level 11. HP: 82/82 MP: 23/23
 11120 | D:10     | Found a runed translucent door.
 11126 | D:10     | Found the +10 tower shield of Ignorance {rN+ Int-4}
 11131 | D:10     | Found a runed translucent door.
 11149 | D:10     | Noticed an orange crystal statue
 11191 | D:10     | Found Gomugoff's Weapon Shoppe.
 11417 | D:11     | Noticed a two-headed ogre
 11424 | D:11     | Killed a two-headed ogre
 11431 | D:11     | Reached skill level 9 in Stealth
 11502 | D:11     | Noticed an eight-headed hydra
 11514 | D:11     | HP: 1/83 [eight-headed hydra (6)]
 11514 | D:11     | Slain by an eight-headed hydra

Illustrated notes

Levels and vault maps discovered:
D:1:      saegor_arrival_simple_a, layout_basic
D:2:      layout_loops_ring, nicolae_tso_swordbearing_angel, serial_glass,
          glass_columns_c, glass_columns_b, minmay_cut_off
D:3:      layout_basic, overflow_temple_1_default, serial_bayou_ford_a,
          trog_hazing_becter
D:4:      layout_loops_ring, nicolae_overflow_hidden_temple, serial_shops,
          nicolae_shop_temple_entry_statues_fountains, minmay_crossroads
D:5:      layout_rooms, nicolae_overflow_crystal_walls,
          minmay_temple_entry_proselytizer
D:6:      layout_loops_ring, solitary_fountain, uniq_menkaure
D:7:      layout_loops_corners, gammafunk_ghost_berserking_beasts,
          minmay_misc_feat_encased, uniq_joseph
D:8:      layout_rooms, serial_shops, shop, basic_altar
D:9:      layout_roguey, erik_lair_orcish_takeover, zombieorc1_lemuel,
          special_room [special_room_orc]
D:10:     layout_basic, serial_shops, shop, chequers_arboretum,
          chequers_guarded_unrand_ignorance
D:11:     layout_loops_ring, serial_rivers, chequers_serial_rivers_micro_d,
          chequers_serial_rivers_micro_d, chequers_serial_rivers_micro_c,
          chequers_serial_rivers_small_b, chequers_serial_rivers_micro_b,
          chequers_serial_rivers_micro_a, lightli_minifort, uniq_josephine
Temple:   jpeg_temple_clearing

Skill      XL: |  1  2  3  4  5  6  7  8  9 10 11 |
---------------+----------------------------------+-----
Spellcasting   | 5 7 8 |  8.3
Stealth        | 6 8 9 |  9.0
Invocations    | 1 2 3 6 7 |  7.2
Fighting       | 1 2 5 6 |  6.5
Long Blades    | 1 2 5 6 |  6.5
Axes           | 1 2 5 6 |  6.5
Maces & Flails | 1 2 5 6 |  6.5
Polearms       | 1 2 5 6 |  6.5
Staves         | 1 2 5 6 |  6.5
Slings         | 1 2 5 6 |  6.5
Bows           | 1 2 5 6 |  6.5
Crossbows      | 1 2 5 6 |  6.5
Throwing       | 1 2 5 6 |  6.5
Armour         | 1 2 5 6 |  6.5
Shields        | 1 2 5 6 |  6.5
Unarmed Combat | 1 2 5 6 |  6.5
Evocations     | 1 2 5 6 |  6.5
Conjurations   | 1 2 4 5 |  5.4
Summonings     | 1 2 4 5 |  5.4
Necromancy     | 1 2 4 5 |  5.4
Translocations | 1 2 4 5 |  5.4
Transmutations | 1 2 4 5 |  5.4
Fire Magic     | 1 2 4 5 |  5.4
Ice Magic      | 1 2 4 5 |  5.4
Air Magic      | 1 2 4 5 |  5.4
Earth Magic    | 1 2 4 5 |  5.4
Poison Magic   | 1 2 4 5 |  5.4
Short Blades   | 3 6 7 |  7.1
Dodging        | 5 7 8 |  8.1
Hexes          | 6 7 |  7.8

Action                   |  1- 3 |  4- 6 |  7- 9 | 10-12 || total
-------------------------+-------+-------+-------+-------++-------
Melee: Dagger            |   146 |       |       |       ||   146
       Bite              |    16 |    21 |    37 |    58 ||   132
       Short sword       |    11 |   186 |   234 |    56 ||   487
       Flail             |       |       |       |   165 ||   165
       Scimitar          |       |       |       |    65 ||    65
 Fire: Hand crossbow     |       |       |    50 |   102 ||   152
Invok: Slouch            |       |       |       |     1 ||     1
Evoke: Wand              |       |       |     4 |     2 ||     6
  Use: Potion            |     1 |       |     2 |       ||     3
       Scroll            |       |     7 |     7 |     6 ||    20
 Stab: Sleeping          |    13 |    10 |    10 |    13 ||    46
       Distracted        |     1 |       |     1 |     2 ||     4
Armor: Robe              |    31 |    14 |       |       ||    45
       Leather armour    |       |    32 |    31 |       ||    63
       Chain mail        |       |       |    13 |       ||    13
       Ring mail         |       |       |       |    71 ||    71
Dodge: Dodged            |    78 |    76 |   114 |   178 ||   446
Block: Kite shield       |    38 |    70 |   121 |   242 ||   471
       Rpst.: Scimitar   |       |       |       |    11 ||    11

Table legend: (Time is in decaauts)
 A = Elapsed time spent in this place.
 B = Non-inter-level travel time spent in this place.
 C = Inter-level travel time spent in this place.
 D = Time resting spent in this place.
 E = Time spent auto-exploring this place.
 F = Levels seen in this place.
 G = Mean time per level.
                   A        B        C        D        E       F      G
               +--------+--------+--------+--------+--------+-----+--------+
         Total |  13695 |  12787 |    908 |    101 |  10204 |  12 | 1141.2 |
       Dungeon |  13569 |  12730 |    839 |    101 |  10155 |  11 | 1233.5 |
        Temple |    126 |     58 |     68 |      0 |     49 |   1 |  126.0 |
               +--------+--------+--------+--------+--------+-----+--------+

Top non-repeatable levels by time:
     D:9: 1689 daAuts
     D:6: 1617 daAuts
     D:7: 1576 daAuts
     D:3: 1528 daAuts
     D:5: 1321 daAuts
     D:2: 1203 daAuts
     D:1: 1200 daAuts
    D:10: 1163 daAuts
     D:4: 1101 daAuts
     D:8: 1021 daAuts
    D:11: 145 daAuts
  Temple: 126 daAuts
